Map: Cyber Forest LE

Players

hinO - Winner!

  • Race: Zerg Zerg
  • Spawn Location: 5:00

Losting

  • Race: Protoss Protoss
  • Spawn Location: 11:00

Event: 2019 WCS Spring

VOD

Have the link to the VOD?

Description

Time

  • Played on: May 17, 2019, 8:48 a.m.
  • Length: 9:10

All games in this series

Show
View Real Time Build Order
Export as new Build Order

hinO Zerg - Winner!

Build Orders: Hatch First 

Get SALT Encoding   

  12  0:00  Drone  
  13  0:12  Overlord  
  13  0:18  Drone  
  14  0:30  Drone x2  
  16  0:50  Hatchery  
  16  0:52  Drone  
  16  0:56  Drone  
  17  0:59  Drone  
  18  1:09  Extractor  
  17  1:15  Spawning Pool  
  16  1:27  Drone x2  
  16  1:29  Drone  
  19  1:40  Overlord  
  19  1:51  Drone  
  20  2:01  Queen  
  20  2:02  Queen  
  20  2:06  Zergling x2  
  25  2:09  Zergling x2  
  25  2:15  Metabolic Boost  
  26  2:19  Drone  
  26  2:21  Drone  
  28  2:25  Drone  
  28  2:29  Drone  
  30  2:33  Drone  
  30  2:34  Drone  
  32  2:48  Hatchery  
  31  2:52  Drone  
  31  2:56  Overlord  
  32  2:59  Drone  
  32  3:03  Drone  
  34  3:07  Drone x2  
  36  3:16  Drone x3  
  36  3:19  Overlord  
  39  3:23  Queen  
  39  3:25  Drone  
  42  3:30  Drone  
  43  3:35  Overlord  
  43  3:41  Drone x2  
  45  3:44  Drone  
  45  3:45  Overlord  
  45  3:47  Drone x3  
  49  3:52  Overlord x2  
  49  3:57  Extractor  
  49  3:58  Lair  
  49  4:01  Extractor  
  47  4:05  Roach Warren  
  46  4:12  Queen x2  
  50  4:19  Drone  
  50  4:22  Spore Crawler  
  50  4:23  Drone  
  51  4:24  Drone  
  51  4:25  Drone  
  53  4:31  Drone x2  
  53  4:37  Spore Crawler  
  54  4:40  Spore Crawler  
  54  4:41  Spore Crawler  
  54  4:44  Drone x4  
  54  4:45  Drone  
  56  4:47  Drone  
  56  4:48  Queen, Drone  
  56  4:50  Drone  
  60  4:56  Queen  
  60  5:03  Drone x3  
  60  5:06  Roach x2  
  67  5:10  Roach  
  69  5:15  Nydus Network  
  69  5:16  Roach  
  69  5:19  Overlord  
  70  5:21  Roach  
  70  5:26  Overlord  
  71  5:32  Overlord x2  
  71  5:36  Overlord  
  71  5:38  Roach, Overlord  
  73  5:46  Overlord  
  73  5:51  Roach x3  
  73  5:52  Roach x3  
  73  5:53  Overseer  
  85  5:57  Roach  
  85  5:58  Roach  
  85  6:01  Nydus Canal  
  85  6:03  Roach x2  
  93  6:07  Roach x2  
  93  6:08  Zergling x2  
  93  6:09  Zergling x2  
  99  6:11  Zergling x2  
  99  6:12  Zergling x2  
  99  6:14  Zergling x2  
  102  6:19  Ravager x2  
  102  6:20  Ravager  
  102  6:21  Zergling x2  
  102  6:23  Queen  
  108  6:27  Zergling x4  
  108  6:39  Zergling x8  
  106  6:49  Zergling x6  
  106  6:50  Queen x2, Zergling x2  
  107  6:58  Zergling x4  
  107  6:59  Zergling x2  
  107  7:00  Queen  
  108  7:05  Spire  
  99  7:12  Zergling x6  
  98  7:19  Ravager x2  
  97  7:24  Roach x3  
  97  7:29  Queen  
  98  7:31  Queen, Nydus Canal  
  98  7:36  Roach x3  
  102  7:48  Drone x4  
  102  7:51  Drone x2  
  98  8:09  Roach x4  
  98  8:10  Roach x4  
  106  8:15  Nydus Canal  
  104  8:20  Zergling x4  
  104  8:25  Zergling x2  
  104  8:26  Zergling x6  
  104  8:27  Queen  
  98  8:34  Roach  
  98  8:35  Roach x2  
  106  8:43  Zergling x4  
  99  8:51  Hatchery, Zergling x2  
  99  8:52  Zergling x2  
  99  8:53  Zergling x2  
Show
View Real Time Build Order
Export as new Build Order

Losting Protoss 

Build Orders: 1 Gate Expand, Phoenix Opening, Colossus Rush 

Get SALT Encoding   

  12  0:00  Probe  
  13  0:12  Probe  
  14  0:22  Pylon  
  14  0:25  Probe  
  15  0:37  Probe  
  15  0:42  Gateway  
  16  0:45  Probe  
  16  0:47  Assimilator  
  17  0:55  Probe  
  18  1:07  Probe  
  19  1:13  Pylon  
  19  1:19  Probe  
  20  1:28  Nexus  
  20  1:37  Cybernetics Core  
  20  1:42  Probe  
  21  1:50  Assimilator  
  21  1:54  Probe  
  21  1:58  Pylon  
  22  2:06  Probe  
  22  2:07  Adept  
  23  2:18  Probe  
  26  2:28  Stargate  
  26  2:30  Probe  
  27  2:37  Stalker, Probe  
  27  2:39  Probe  
  31  2:45  Warp Gate, Probe  
  31  2:47  Probe  
  33  2:55  Probe  
  33  2:56  Probe  
  35  3:07  Phoenix, Probe  
  35  3:09  Probe  
  37  3:13  Gateway  
  37  3:19  Probe  
  40  3:21  Probe  
  40  3:24  Pylon  
  41  3:28  Adept  
  41  3:31  Phoenix, Probe  
  46  3:41  Pylon  
  46  3:42  Probe  
  46  3:44  Pylon  
  47  3:49  Phoenix  
  50  4:02  Probe  
  50  4:03  Probe  
  50  4:05  Assimilator  
  50  4:07  Assimilator  
  51  4:10  Pylon  
  51  4:11  Phoenix  
  53  4:21  Robotics Facility  
  53  4:25  Probe x2  
  55  4:36  Adept x2  
  59  5:00  Nexus  
  59  5:05  Pylon  
  59  5:08  Pylon  
  59  5:12  Robotics Bay  
  59  5:14  Probe  
  59  5:15  Probe  
  59  5:16  Immortal  
  59  5:20  Forge, Gateway  
  65  5:23  Gateway  
  65  5:24  Shield Battery  
  65  5:26  Probe  
  65  5:27  Probe  
  67  5:30  Sentry x2  
  71  5:39  Probe x2  
  73  5:51  Probe x2  
  73  5:52  Robotics Facility  
  73  5:53  Colossus, Gateway  
  73  5:55  Gateway  
  75  6:03  Probe x2  
  83  6:15  Probe  
  84  6:23  Pylon  
  84  6:24  Stalker  
  84  6:25  Stalker  
  88  6:40  Void Ray  
  88  6:42  Stalker  
  88  6:43  Stalker  
  76  6:57  Stalker x4  
  67  7:06  Zealot x2  
  67  7:07  Disruptor  
  55  7:20  Adept  
  55  7:21  Adept x2  
  55  7:22  Adept  
  57  7:35  Adept x2  
  57  7:36  Disruptor  
  61  7:49  Stalker x4  
  70  8:00  Stalker  
  70  8:01  Stalker  
  70  8:03  Disruptor  
  70  8:12  Stalker  
  60  8:30  Stalker x2  
  60  8:31  Stalker  
  60  8:32  Stalker  
  43  8:56  Zealot x4  
Tags
 
Add a new tag
Caveats
  • Supply blocks, unpowered buildings, or Contaminate may cause inaccurate times.
  • Supply counts are checked every 10 seconds.